 Dungeon Crawl Stone Soup version 0.20-a0-673-g53087c7 (webtiles) character file.

66 Devintownsend the Skirmisher (level 3, -3/34 HPs)
             Began as a Minotaur Fighter on Feb 17, 2017.
             Was an Initiate of Okawaru.
             Killed from afar by an orc wizard (12 damage)
             ... with a puff of flame
             ... on level 3 of the Dungeon.
             The game lasted 00:04:39 (1761 turns).

Devintownsend the Skirmisher (Minotaur Fighter)     Turns: 1761, Time: 00:04:41

Health: -3/34      AC:  8    Str: 21    XL:     3   Next: 96%
Magic:  2/2        EV:  7    Int:  5    God:    Okawaru [......]
Gold:   91         SH:  9    Dex:  9    Spells: 2/2 levels left

rFire    . . .     SeeInvis .   o - +2 hand axe (venom)
rCold    . . .     Gourm    .   b - +0 scale mail
rNeg     . . .     Faith    .   c - +0 shield
rPois    +         Spirit   .   (helmet restricted)
rElec    .         Reflect  .   e - +0 cloak
rCorr    .         Harm     .   (no gloves)
MR       .....                  (no boots)
Stlth    ..........             (no amulet)
Regen    0.2/turn               (no ring)
MPRegen  0.1/turn               g - ring of poison resistance

@: no status effects
A: retaliatory headbutt, horns 2
a: Renounce Religion


You were on level 3 of the Dungeon.
You worshipped Okawaru.
Okawaru was noncommittal.
You were hungry.

You visited 1 branch of the dungeon, and saw 3 of its levels.

You collected 91 gold pieces.

Inventory:

Hand Weapons
 a - a +0 war axe
 o - a +2 hand axe of venom (weapon)
Armour
 b - a +0 scale mail (worn)
 c - a +0 shield (worn)
 e - a +0 cloak (worn)
Jewellery
 g - a ring of poison resistance (left hand)
Scrolls
 h - 2 scrolls of remove curse {unknown}
 i - a scroll of fog {unknown}
 j - a scroll of magic mapping {unknown}
 k - a scroll of enchant weapon {unknown}
 l - 2 scrolls of teleportation {unknown}
 m - a scroll of amnesia {unknown}
Potions
 d - 2 potions of might
Comestibles
 f - a bread ration
 n - a meat ration


   Skills:
 + Level 4.4 Fighting
 - Level 2.9 Axes
 + Level 4.4 Armour
 - Level 4.2 Shields


You had 2 spell levels left.
You didn't know any spells.

Dungeon Overview and Level Annotations

Branches:
Dungeon (3/15)

Altars:
Gozag
Okawaru
Sif Muna
Xom
Yredelemnul


Innate Abilities, Weirdness & Mutations

You reflexively headbutt those who attack you in melee.
You have a pair of horns on your head.


Message History

The orc wizard casts a spell.
The orc wizard flickers and vanishes!
Deactivating autopickup; reactivate with Ctrl-A.
The orc hits you with a dagger of venom.
* * * LOW HITPOINT WARNING * * *
You block the orc's attack.
You slash the orc!
You kill the orc!
Okawaru accepts your kill. The orc completely misses you.
You hit the orc.
The orc is poisoned.
You headbutt the orc.
You kill the orc!
Okawaru accepts your kill.
You closely miss the orc. You headbutt the orc!
You kill the orc!
Okawaru accepts your kill.
You hear some strange, mumbled words.
A puff of flame appears from out of thin air!
The puff of flame hits you!
You die...

#.# #. # #.# #.#.
## #.# #..# #....
#.# #...o. ...
#.# #..#. ... #.#
... #..####.# #)#
##.#..#....# #@#
........#..# #.#
#.#####....# #.#
#.# #..### #.#
#.# #....# #.#
#.# #..#.# #.#
#.#####..#.#
#.####..(.....#.#
#..).....(###.#.#
########### ....#


You could see an orc.

Vanquished Creatures
  An adder (D:2)
  An ooze (D:2)
  2 dart slugs (D:1)
  A leopard gecko (D:3)
  9 orcs (D:3)
  2 bats (D:2)
  A giant cockroach (D:1)
  2 goblins
  3 hobgoblins
  4 jackals (D:1)
  6 kobolds
  2 frilled lizards
  3 rats
37 creatures vanquished.

Notes
Turn   | Place    | Note
-------+----------+-------------------------------------------
     0 | D:1      | Devintownsend the Minotaur Fighter began the quest for the Orb.
     0 | D:1      | Reached XP level 1. HP: 19/19 MP: 0/0
   251 | D:1      | Reached XP level 2. HP: 23/27 MP: 1/1
  1083 | D:2      | Reached XP level 3. HP: 29/33 MP: 2/2
  1424 | D:2      | Found a shimmering altar of Xom.
  1426 | D:2      | Found a basalt altar of Yredelemnul.
  1430 | D:2      | Found a deep blue altar of Sif Muna.
  1430 | D:2      | Found an opulent altar of Gozag.
  1434 | D:2      | Found an iron altar of Okawaru.
  1518 | D:2      | Became a worshipper of Warmaster Okawaru
  1761 | D:3      | Killed from afar by an orc wizard

Vault maps used:
D:1:      doesnt_arrival_eight_statues
D:2:      minitemple
D:3:      lemuel_doored_altar, chequers_ecumenical_altar_island, first_bread,
          nicolae_qazlal_general_emergency

Skill      XL: |  1  2 |
---------------+-------+-----
Fighting       | 4 |  4.4
Armour         | 4 |  4.4
Shields        | 4 |  4.2
Axes           | |  2.9

Action                   || total
-------------------------++-------
Melee: War axe           ||    63
       Headbutt          ||    14
       Hand axe          ||    25
  Eat: Chunk             ||     2
Armor: Scale mail        ||    42
Dodge: Dodged            ||    29
Block: Shield            ||    67
